 Dungeon Crawl Stone Soup version 0.28.0-53-g5a82cb258f (webtiles) character file.

Game seed: 2368732667125060411

593 Sin92 the Chopper (level 7, -1/46 (54) HPs)
             Began as a Demonspawn Fighter on Aug 18, 2022.
             Slain by a wight
             ... wielding a +0 great sword
              (12 damage)
             ... on level 5 of the Dungeon.
             The game lasted 00:11:43 (4512 turns).

Sin92 the Chopper (Demonspawn Fighter)              Turns: 4512, Time: 00:11:43

HP:   -1/46 (54)    AC:  9    Str: 16 (18) XL:     7   Next: 16%
MP:   7/7           EV:  7    Int:  6 (9)  God:
Gold: 117           SH:  4    Dex: 11 (13) Spells: 6/6 levels left

rFire   . . .      SeeInvis .   a - +0 war axe
rCold   + . .      Faith    +   c - +0 buckler
rNeg    . . .      Spirit   .   k - +0 chain mail
rPois   .          Reflect  .   (helmet unavailable)
rElec   .          Harm     .   h - scarf {shadows}
rCorr   .          Rampage  .   (no gloves)
Will    .....                   (no boots)
Stlth   ..........              q - amulet of faith
HPRegen 0.15/turn               o - ring of protection from cold
MPRegen 0.10/turn               (no ring)

@: heavily drained
A: horns 3, foul stench 1, demonic touch 1
a: no special abilities


You were on level 5 of the Dungeon.
You visited 1 branch of the dungeon, and saw 5 of its levels.

You collected 117 gold pieces.

Inventory:

Hand Weapons
 a - a +0 war axe (weapon)
 j - a +3 whip
Missiles
 i - a throwing net (quivered)
 p - 5 silver boomerangs
Armour
 b - a +0 scale mail
 c - a +0 buckler (worn)
 h - a scarf of shadows (worn)
 k - a +0 chain mail (worn)
Jewellery
 o - a ring of protection from cold (left hand)
 q - an amulet of faith (around neck)
Wands
 l - a wand of paralysis (4)
Scrolls
 f - a scroll of fog
 g - 2 scrolls of silence
Potions
 d - a potion of might
 m - 3 potions of curing


   Skills:
 + Level 4.1 Fighting
 * Level 4.2 Axes
 + Level 3.6 Armour
 + Level 2.2 Dodging
 + Level 2.4 Stealth
 + Level 3.8 Shields


You had 6 spell levels left.
You didn't know any spells.
Your spell library contained the following spells:

 Spells                   Type           Power      Damage    Failure   Level
 Static Discharge         Conj/Air       0%         N/A       100%        2
 Conjure Flame            Conj/Fire      0%         6-21      100%        3
 Stone Arrow              Conj/Erth      0%         3d7       100%        3


Dungeon Overview and Level Annotations

Branches:
Dungeon (5/15)
 Temple: D:4-7

Altars:
Uskayaw

Shops:
D:2 ?[(*:


Innate Abilities, Weirdness & Mutations

You have a pair of large horns on your head.
You may rarely emit foul miasma when damaged in melee.
Your touch may inflict minor irresistible damage on your foes.


Message History

* * * LOW HITPOINT WARNING * * *
The wight hits you but does no damage.
The orc throws a boomerang.
The boomerang hits you but does no damage.
You are confused.
You feel invigorated.
The wight hits you from afar with a +5 trident.
* * * LOW HITPOINT WARNING * * *
The wight completely misses you. The orc barely misses you.
Unknown command.
You bump into the rock wall.
The wight barely misses you. x2
You feel less invigorated.
You feel less confused.
The wight hits you from afar with a +5 trident.
You are confused.
You feel invigorated.
The wight hits you with a +0 great sword.
The wight hits you from afar with a +5 trident.
You feel drained.
The wight hits you with a +0 great sword!
The wight hits you from afar with a +5 trident.
* * * LOW HITPOINT WARNING * * *
You feel drained.
Unknown command.
You closely miss the wight.
The wight is lightly damaged.
The wight hits you with a +0 great sword!
* * * LOW HITPOINT WARNING * * *
The wight completely misses you.
The wight hits you from afar with a +5 trident.
* * * LOW HITPOINT WARNING * * *
You feel drained.
You bump into the rock wall.
The wight hits you with a +0 great sword.
* * * LOW HITPOINT WARNING * * *
The wight barely misses you.
An orc comes into view. It is wielding a +0 short sword.
You feel less invigorated.
You feel less confused.
The wight hits you with a +0 great sword!
You die...

..........#######
.#.....#........#
#...zo#........#
###.#####.###..# 8..
#).)..#..#
#.....#o...o#..#
...8...(.(.....#
....#.....#z.#####
...8#.....#.z@...## #.#
###.###.......## .
..............#
#..............#
..###..........###########
#...........†....<....
#....(.....##########.
##........## #........#


You could see 2 wights and an orc.

Vanquished Creatures
  A necrophage (D:4)
  A phantom (D:4)
  The ghost of Sin92 the Skirmisher, a weakling DsFi (D:3)
  2 hounds (D:4)
  2 centaur skeletons (D:5)
  2 hound skeletons (D:4)
  Robin (D:4)
  A howler monkey skeleton (D:5)
  7 gnolls
  6 adders
  An ufetubus (D:5)
  A worm (D:4)
  A dart slug (D:3)
  7 orcs
  6 ball pythons
  4 bats
  3 endoplasms
  6 giant cockroaches
  13 hobgoblins
  4 jackals
  3 quokkas
  4 frilled lizards
  16 goblins
  3 kobolds
  4 rats
100 creatures vanquished.

Vanquished Creatures (others)
  A giant cockroach (D:3)
  2 withered plants (D:3)
3 creatures vanquished.

Grand Total: 103 creatures vanquished

Notes
Turn   | Place    | Note
-------+----------+-------------------------------------------
     0 | D:1      | Sin92 the Demonspawn Fighter began the quest for the Orb.
     0 | D:1      | Reached XP level 1. HP: 18/18 MP: 1/1
   240 | D:1      | Got the Collected Works on Damage Dealing
   284 | D:1      | Discovered your monstrous ancestry.
   284 | D:1      | Gained mutation: You have a pair of small horns on your
                  | head. [demonic ancestry]
   284 | D:1      | Reached XP level 2. HP: 24/24 MP: 2/2
   289 | D:1      | Noticed a golden eye
   291 | D:1      | Found a faded altar of an unknown god.
   293 | D:1      | Noticed a shining eye
   293 | D:1      | Noticed a great orb of eyes
   293 | D:1      | Noticed a golden eye
   933 | D:2      | Found Cenwu's Book Shop.
  1146 | D:2      | Found Ygiuniph's Assorted Antiques.
  1208 | D:2      | Found Gedera's Antique Weapon Shoppe.
  1246 | D:2      | Gained mutation: You may rarely emit foul miasma when
                  | damaged in melee. [demonic ancestry]
  1246 | D:2      | Reached XP level 3. HP: 27/29 MP: 3/3
  1722 | D:2      | Found Qiemosol's Magic Scroll Shop.
  1747 | D:2      | Reached skill level 1 in Dodging
  1755 | D:2      | Reached XP level 4. HP: 16/35 MP: 4/4
  1946 | D:2      | Found Doaceim's Antique Armour Shop.
  2165 | D:3      | Found a runed translucent door.
  2165 | D:3      | Noticed Sin92's ghost (weakling DsFi)
  2584 | D:3      | Reached skill level 1 in Stealth
  2584 | D:3      | Gained mutation: You have a pair of horns on your head.
                  | [demonic ancestry]
  2584 | D:3      | Reached XP level 5. HP: 23/41 MP: 5/5
  3120 | D:3      | Found a hide-covered altar of Uskayaw.
  3435 | D:3      | Killed Sin92's ghost
  3695 | D:4      | Noticed a necrophage
  3714 | D:4      | Killed a necrophage
  3715 | D:4      | Gained mutation: You have a pair of large horns on your
                  | head. [demonic ancestry]
  3715 | D:4      | Reached XP level 6. HP: 46/48 MP: 6/6
  3908 | D:4      | Noticed Robin
  3942 | D:4      | Killed Robin
  4379 | D:5      | Entered Level 5 of the Dungeon
  4413 | D:5      | Gained mutation: Your touch may inflict minor irresistible
                  | damage on your foes. [demonic ancestry]
  4413 | D:5      | Reached XP level 7. HP: 47/54 MP: 7/7
  4512 | D:5      | Slain by a wight

Illustrated notes

Levels and vault maps discovered:
D:1:      saegor_arrival_miasma, layout_basic,
          hellmonk_ecumenical_altar_watching_god, minmay_pentomino_t4
D:2:      layout_basic, serial_shops, nicolae_diamond_shop, shop,
          nicolae_shop_trees, nicolae_diamond_shop, shop
D:3:      minmay_recursive_quarters, layout_basic, nicolae_uskayaw_suspiria,
          gammafunk_ghost_grave
D:4:      layout_basic, uniq_robin
D:5:      layout_rooms, minmay_temple_entry_statues_fountains, serial_shops,
          kennysheep_mini_moat, minmay_chambers_of_fives

Skill      XL: |  1  2  3  4  5  6 |
---------------+-------------------+-----
Axes           | 2 3 4 |  4.2
Shields        | 3 |  3.8
Dodging        | 1 2 |  2.2
Armour         | 3 |  3.6
Stealth        | 1 2 |  2.4
Fighting       | 4 |  4.1

Action                   |  1- 3 |  4- 6 |  7- 9 || total
-------------------------+-------+-------+-------++-------
Melee: War axe           |    87 |   166 |    13 ||   266
       Headbutt          |     9 |    36 |     4 ||    49
  Use: Scroll            |     1 |     3 |       ||     4
       Potion            |       |     1 |     3 ||     4
Armor: Scale mail        |    48 |     2 |       ||    50
       Chain mail        |       |   102 |    12 ||   114
Dodge: Dodged            |    58 |    61 |    12 ||   131
Block: Buckler           |    28 |    58 |     4 ||    90
